 Dungeon Crawl Stone Soup version 0.30-a0-622-gddc90eaa04 (webtiles) character file.

Game seed: 12394945204648369658

337 wormed the Changer (level 6, -3/45 HPs)
             Began as an Octopode Transmuter on Jan 10, 2023.
             Slain by a troll (12 damage)
             ... on level 5 of the Dungeon.
             The game lasted 00:04:21 (3624 turns).

wormed the Changer (Octopode Transmuter)            Turns: 3624, Time: 00:04:22

Health: -3/45      AC:  6    Str:  9    XL:     6   Next: 54%
Magic:  15/20      EV: 10    Int: 17    God:
Gold:   275        SH:  0    Dex: 19    Spells: 5/12 levels left

rFire   x . .      SeeInvis .      - Unarmed
rCold   + + +      Faith    .    (shield currently unavailable)
rNeg    . . .      Spirit   .    (helmet currently unavailable)
rPois   +          Reflect  .    (no amulet)
rElec   .          Harm     .    g - ring of magical power
rCorr   .          Rampage  .    i - +6 ring of dexterity
Will    .....                    (no ring)
Stlth   ++                       (no ring)
HPRegen 0.27/turn                (no ring)
MPRegen 0.17/turn                (no ring)
                                 (no ring)
                                 (no ring)

@: ice-form, wereblooded
A: freezing attack, boosted hp, almost no armour, amphibious, 8 rings, large,
(camouflage 1), (gelatinous body 1), (nimble swimmer 1), (tentacles)
a: End Transformation


You were on level 5 of the Dungeon.
You were a creature of crystalline ice.
You visited 1 branch of the dungeon, and saw 5 of its levels.

You collected 275 gold pieces.

Inventory:

Jewellery
 g - a ring of magical power (left front paw)
 i - a +6 ring of dexterity (right front paw)
 q - a ring of poison resistance
Scrolls
 b - 2 scrolls of teleportation
 k - a scroll of enchant armour
 m - 3 scrolls of identify {unknown}
 n - a scroll of fear {unknown}
 o - a scroll of immolation {unknown}
 p - a scroll of amnesia {unknown}
 r - a scroll of magic mapping {unknown}
 s - a scroll of torment {unknown}
 t - a scroll of fog {unknown}
 v - a scroll of blinking {unknown}
Potions
 a - a potion of lignification
 c - a potion of magic {unknown}
 d - a potion of degeneration {unknown}
 e - a potion of heal wounds {unknown}
 f - 2 potions of flight {unknown}
 h - a potion of ambrosia {unknown}
 j - a potion of haste {unknown}
 l - 3 potions of curing {unknown}
 u - 2 potions of might {unknown}


   Skills:
 - Level 1.0 Fighting
 - Level 2.0 Dodging
 - Level 3.0 Unarmed Combat
 + Level 3.5 Spellcasting
 * Level 4.9 Transmutations
 + Level 2.9 Ice Magic


You had 5 spell levels left.
You knew the following spells:

 Your Spells              Type           Power      Damage    Failure   Level
a - Beastly Appendage     Tmut           38%        N/A       2%          1
b - Wereblood             Tmut           19%        N/A       3%          2
c - Ice Form              Ice/Tmut       16%        N/A       32%         4

Your spell library contained the following spells:

 Spells                   Type           Power      Damage    Failure   Level
 Magic Dart               Conj           8%         1d3       17%         1
 Spider Form              Tmut/Pois      11%        N/A       19%         3
 Call Imp                 Summ           2%         N/A       26%         2
 Dazzling Flash           Conj/Hex       4%         N/A       45%         3
 Mephitic Cloud           Conj/Pois/Air  2%         N/A       45%         3
 Agony                    Necr           2%         N/A       99%         5
 Silence                  Hex/Air        1%         N/A       99%         5


Dungeon Overview and Level Annotations

Branches:
Dungeon (5/15)
 Temple: D:4-7

Altars:
Vehumet
Xom

Annotations:
D:3 3 runed translucent doors, GilGalad's ghost, amateur MfGl; spardeous's ghost, weakling FeEE


Innate Abilities, Weirdness & Mutations

You are a creature of crystalline ice.
You have a powerful freezing melee attack.
Your maximum health is increased.
Your armour is entirely melded.
You are incapable of wielding weapons or throwing items.
You cannot wear most types of armour.
You are amphibious.
You can wear up to eight rings at the same time.
((Your skin changes colour to match your surroundings (Stealth+).))
((Your rubbery body absorbs attacks. (AC +1, EV +1)))
((You are camouflaged when in or above water. (Stealth+)))
((You have tentacles for arms and can constrict up to eight enemies at once.))


Message History

The scorpion stings you but does no damage.
You punch the scorpion! You freeze the scorpion.
You kill the scorpion!
Found 6 gold pieces.
Found a ring mail.
b - 2 scrolls of teleportation (gained 1)
Your transformation is almost over.
A troll comes into view.
The troll shouts!
You hear an angry hiss.
A troll is nearby!
A troll is nearby!
A troll is nearby!
Casting: Ice Form (quite dangerous; 32% risk of failure)
Confirm with . or Enter, or press ? or * to list all spells.
Your blood is infused with primal strength.
You barely miss the troll. You barely miss the troll.
The troll bites you but does no damage. The troll claws you but does no damage.
The troll claws you!
An iguana comes into view.
You barely miss the troll. The troll barely misses you.
The troll claws you but does no damage. The troll claws you!
You hit the troll. You freeze the troll.
The troll is lightly wounded.
You warm up again.
The troll misses you. The troll barely misses you.
The troll completely misses you.
You tentacle-slap the troll.
The troll is lightly wounded.
The troll bites you. The troll closely misses you. x2
Casting: Wereblood (safe; 3% risk of failure)
Confirm with . or Enter, or press ? or * to list all spells.
The spell is extremely dangerous to miscast (32% risk of failure)!
Continue anyway?
You turn into a creature of crystalline ice.
The troll barely misses you. The troll claws you. x2
You hit the troll but do no damage.
The troll is lightly wounded.
The troll closely misses you. The troll claws you!
* * * LOW HITPOINT WARNING * * *
The troll claws you!
You die...

## #.# ###.#.
#.# #..... #.#
#..... #.#
#.[...
######.###
#.....
#.........
.....
#.########
#..#########.#
#.lTY........#
#.############
# ..........$
###########
.......
.#######. . .


You could see a troll and an iguana.

Vanquished Creatures
  A phantom (D:4)
  A scorpion (D:5)
  An orc priest (D:5)
  An orc wizard (D:5)
  6 adders
  2 worms (D:2)
  4 dart slugs
  10 orcs
  7 endoplasms
  2 giant cockroaches (D:1)
  4 goblins (D:3)
  4 hobgoblins
  5 jackals
  4 kobolds
  3 quokkas (D:3)
  7 ball pythons
  4 bats
  2 frilled lizards
  5 rats
73 creatures vanquished.

Vanquished Creatures (others)
  16 plants (D:3)
16 creatures vanquished.

Grand Total: 89 creatures vanquished

Notes
Turn   | Place    | Note
-------+----------+-------------------------------------------
     0 | D:1      | wormed the Octopode Transmuter began the quest for the Orb.
     0 | D:1      | Reached XP level 1. HP: 13/13 MP: 3/3
     2 | D:1      | Noticed a felid
     4 | D:1      | Noticed an octopode
     4 | D:1      | Noticed a human
     6 | D:1      | Noticed a troll
     6 | D:1      | Noticed a vampire
     8 | D:1      | Noticed a naga
     8 | D:1      | Noticed a meteoran
    10 | D:1      | Noticed a vine stalker
    10 | D:1      | Noticed a gargoyle
    12 | D:1      | Noticed an elf
    14 | D:1      | Noticed an ogre
    16 | D:1      | Noticed a merfolk
    16 | D:1      | Noticed a demigod
    18 | D:1      | Noticed a formicid
    18 | D:1      | Noticed a spriggan
    20 | D:1      | Noticed a minotaur
    20 | D:1      | Noticed a ghoul
    22 | D:1      | Noticed a tengu
    22 | D:1      | Noticed a draconian
    24 | D:1      | Noticed an armataur
    24 | D:1      | Noticed a meteoran
    26 | D:1      | Noticed a naga
    26 | D:1      | Noticed a ghoul
    84 | D:1      | Found Orhuy's Antique Weapon Shop.
   137 | D:1      | Reached XP level 2. HP: 18/18 MP: 3/5
   145 | D:1      | Learned a level 2 spell: Wereblood
   624 | D:1      | Reached skill level 1 in Ice Magic
   762 | D:1      | Reached XP level 3. HP: 23/23 MP: 2/6
  1011 | D:2      | Found a faded altar of an unknown god.
  1163 | D:2      | Reached skill level 3 in Transmutations
  1765 | D:3      | Reached XP level 4. HP: 19/28 MP: 7/7
  2028 | D:3      | Found a radiant altar of Vehumet.
  2045 | D:3      | Found a shimmering altar of Xom.
  2155 | D:3      | Found a runed translucent gate.
  2160 | D:3      | Found a runed translucent gate.
  2161 | D:3      | Found a runed translucent gate.
  2162 | D:3      | Noticed GilGalad's ghost (amateur MfGl)
  2163 | D:3      | Noticed spardeous's ghost (weakling FeEE)
  2518 | D:3      | Reached XP level 5. HP: 31/33 MP: 9/9
  2605 | D:3      | Learned a level 4 spell: Ice Form
  2741 | D:4      | Noticed a phantom
  2759 | D:4      | Killed a phantom
  2760 | D:4      | Reached skill level 4 in Transmutations
  3438 | D:5      | Entered Level 5 of the Dungeon
  3466 | D:5      | Reached XP level 6. HP: 38/38 MP: 10/10
  3615 | D:5      | Noticed a troll
  3624 | D:5      | Slain by a troll

Illustrated notes

Levels and vault maps discovered:
D:1:      kb_arrival_jail, layout_loops_ring, serial_shops, nicolae_shop_stone
D:2:      layout_rooms, nicolae_ecumenical_pavilion
D:3:      layout_rooms, mainiacjoe_overflow_alcove_1,
          mainiacjoe_overflow_alcove_4, gammafunk_ghost_cemetery,
          minmay_misc_feat_columns, serial_bayou_lagoon_b
D:4:      layout_basic
D:5:      kennysheep_kobold_camp, layout_loops_ring, serial_co_window_serial,
          co_window_of_opportunity_a, co_window_of_opportunity_a,
          co_window_paths_b, co_window_corner_a, co_window_paths_b,
          co_window_cross_3, co_window_paths_c, co_window_corner_ca,
          glass_columns_b, glass_columns_b, glass_columns_a, glass_columns_a,
          lightli_church_of_beogh

Skill      XL: |  1  2  3  4  5 |
---------------+----------------+-----
Ice Magic      | 1 2 |  2.9
Transmutations | 3 4 |  4.9
Spellcasting   | 3 |  3.5
Fighting       | |  1.0
Dodging        | |  2.0
Unarmed Combat | |  3.0

Action                   |  1- 3 |  4- 6 || total
-------------------------+-------+-------++-------
Melee: Unarmed           |    64 |    91 ||   155
       Constrict         |    21 |    22 ||    43
       Tentacles         |    14 |    11 ||    25
       Kick              |    23 |    21 ||    44
       Punch             |     3 |     1 ||     4
 Cast: Beastly Appendage |    25 |    16 ||    41
       Wereblood         |    21 |    14 ||    35
       Ice Form          |       |     4 ||     4
  Use: Scroll            |     3 |       ||     3
 Stab: Sleeping          |     6 |     1 ||     7
       Distracted        |       |     1 ||     1
Armor: Skin              |     2 |    12 ||    14
Dodge: Dodged            |    35 |    58 ||    93

Table legend: (Time is in decaauts)
 A = Elapsed time spent in this place.
 B = Non-inter-level travel time spent in this place.
 C = Inter-level travel time spent in this place.
 D = Time resting spent in this place.
 E = Time spent auto-exploring this place.
 F = Levels seen in this place.
 G = Mean time per level.
                   A        B        C        D        E       F      G
               +--------+--------+--------+--------+--------+-----+--------+
         Total |   3614 |   3467 |    147 |      0 |   2912 |   5 |  722.8 |
       Dungeon |   3614 |   3467 |    147 |      0 |   2912 |   5 |  722.8 |
               +--------+--------+--------+--------+--------+-----+--------+

Top non-repeatable levels by time:
     D:1: 1008 daAuts
     D:4: 830 daAuts
     D:2: 801 daAuts
     D:3: 789 daAuts
     D:5: 184 daAuts
